Map: Acropolis LE

Players

SortOf - Winner!

  • Race: Zerg Zerg
  • League: Diamond
  • Spawn Location: 11:00

Hellraiser

  • Race: Protoss Protoss
  • Spawn Location: 5:00

Event: 2019 WCS Summer

VOD

Have the link to the VOD?

Description

Time

  • Played on: July 12, 2019, 3:37 p.m.
  • Length: 9:47

All games in this series

Show
View Real Time Build Order
Export as new Build Order

SortOf Zerg - Winner!

Build Orders: Hatch First 

Get SALT Encoding   

  12  0:00  Drone  
  13  0:12  Overlord  
  13  0:17  Drone  
  14  0:31  Drone x2  
  16  0:47  Hatchery  
  15  0:51  Drone  
  15  0:55  Drone  
  17  0:58  Drone  
  18  1:09  Extractor  
  17  1:13  Spawning Pool  
  17  1:16  Drone  
  17  1:19  Drone  
  18  1:36  Drone  
  18  1:39  Drone  
  20  1:49  Overlord  
  20  2:01  Queen x2  
  22  2:02  Zergling x4  
  26  2:10  Drone x2  
  28  2:21  Drone x2  
  30  2:31  Hatchery  
  30  2:35  Zergling x2  
  30  2:37  Pneumatized Carapace  
  30  2:41  Drone  
  30  2:42  Drone  
  32  2:47  Overlord  
  32  2:55  Drone  
  32  2:56  Drone  
  34  2:59  Queen  
  34  3:05  Zergling x4  
  38  3:15  Zergling x2  
  38  3:17  Drone x4  
  43  3:32  Drone x2  
  42  3:37  Drone  
  42  3:38  Metabolic Boost  
  42  3:41  Spore Crawler  
  42  3:44  Drone x2, Spore Crawler  
  42  3:51  Drone x2  
  42  3:54  Overlord  
  44  3:56  Queen  
  44  4:00  Spore Crawler  
  44  4:02  Drone  
  46  4:06  Overlord  
  46  4:14  Drone x3  
  49  4:20  Overlord  
  49  4:24  Drone x6  
  55  4:38  Roach Warren  
  55  4:39  Drone x6  
  55  4:41  Extractor  
  55  4:44  Queen  
  61  4:46  Drone  
  61  4:48  Drone  
  63  4:53  Overlord x2  
  63  4:55  Drone x2  
  63  4:59  Extractor, Overlord  
  64  5:03  Zergling x2  
  64  5:04  Zergling x2  
  64  5:07  Lair  
  66  5:09  Overlord  
  66  5:12  Zergling x8  
  70  5:16  Overlord  
  70  5:18  Zergling x6  
  72  5:21  Drone  
  71  5:29  Drone x6  
  71  5:31  Drone  
  71  5:32  Drone  
  76  5:38  Drone x2  
  76  5:41  Evolution Chamber  
  76  5:43  Drone, Baneling Nest  
  76  5:49  Drone x5  
  81  5:54  Extractor, Overlord  
  80  6:01  Drone x2  
  80  6:02  Overlord  
  80  6:04  Extractor  
  81  6:06  Glial Reconstitution  
  81  6:09  Roach  
  81  6:10  Roach x2  
  86  6:16  Roach x3  
  92  6:20  Drone x2  
  92  6:22  Roach  
  92  6:23  Roach x4  
  104  6:26  Roach x2  
  104  6:29  Spine Crawler  
  104  6:30  Spine Crawler  
  107  6:35  Roach x2  
  107  6:38  Ravager x3, Overlord  
  113  6:40  Overlord  
  113  6:44  Overlord, Zerg Melee Weapons Level 1  
  113  6:47  Overlord  
  113  6:48  Ravager  
  113  6:50  Extractor  
  112  6:57  Zergling x16  
  112  7:03  Zergling x4  
  113  7:10  Zergling x10  
  113  7:12  Ravager x2  
  113  7:13  Overseer, Ravager  
  121  7:20  Baneling Nest  
  121  7:22  Zergling x10  
  124  7:27  Hatchery  
  123  7:30  Drone x3  
  123  7:35  Drone  
  127  7:37  Queen  
  129  7:50  Queen  
  131  7:53  Drone x3  
  131  7:55  Drone  
  133  7:59  Zergling x16  
  133  8:02  Infestation Pit  
  133  8:03  Centrifical Hooks  
  140  8:10  Baneling x14  
  140  8:11  Baneling x2  
  140  8:16  Extractor  
  140  8:19  Spore Crawler  
  138  8:26  Drone x8  
  145  8:27  Overlord  
  145  8:29  Overlord  
  145  8:32  Spire  
  143  8:34  Overlord  
  143  8:35  Baneling x10  
  143  8:40  Drone x6  
  147  8:51  Zergling x14  
  154  9:02  Zergling x8  
  152  9:11  Zergling x20  
  161  9:24  Baneling x4  
  161  9:25  Baneling x22  
  161  9:26  Zergling x10  
  161  9:30  Baneling x9  
Show
View Real Time Build Order
Export as new Build Order

Hellraiser Protoss 

Build Orders: 1 Gate Expand, Oracle Opening, Phoenix Opening, Chargelot Immortal 

Get SALT Encoding   

  12  0:00  Probe  
  13  0:12  Probe  
  14  0:20  Pylon  
  14  0:21  Probe  
  15  0:34  Probe  
  15  0:38  Gateway  
  16  0:46  Probe  
  16  0:48  Assimilator  
  17  0:58  Probe  
  18  1:10  Probe  
  19  1:20  Nexus  
  19  1:24  Probe  
  20  1:35  Cybernetics Core  
  20  1:37  Probe  
  21  1:42  Assimilator  
  21  1:49  Probe  
  21  1:53  Pylon  
  22  2:01  Probe, Adept  
  23  2:14  Probe  
  26  2:20  Stargate  
  26  2:22  Adept  
  26  2:26  Probe  
  26  2:28  Probe  
  27  2:36  Probe  
  27  2:37  Warp Gate  
  30  2:38  Probe  
  32  2:46  Probe  
  32  2:51  Probe  
  34  2:52  Adept  
  36  2:59  Probe, Phoenix  
  36  3:03  Probe  
  40  3:11  Probe  
  41  3:15  Probe  
  42  3:20  Gateway  
  42  3:23  Probe  
  43  3:27  Probe  
  44  3:35  Probe  
  44  3:38  Pylon  
  44  3:39  Probe  
  46  3:45  Oracle  
  46  3:46  Robotics Facility  
  46  3:49  Assimilator  
  46  3:51  Pylon  
  46  3:53  Assimilator  
  46  3:56  Probe x2  
  46  4:02  Pylon  
  51  4:08  Gateway x2  
  51  4:09  Probe  
  52  4:13  Probe  
  52  4:15  Oracle  
  53  4:21  Probe  
  53  4:22  Pylon  
  57  4:24  Immortal  
  57  4:25  Probe  
  58  4:33  Probe  
  58  4:38  Probe  
  64  4:39  Sentry  
  66  4:49  Adept  
  68  4:56  Nexus  
  68  4:58  Immortal  
  68  5:06  Probe  
  73  5:08  Probe  
  73  5:12  Sentry x2  
  78  5:16  Forge  
  78  5:20  Pylon  
  78  5:31  Gateway x2  
  78  5:35  Gateway  
  74  5:40  Warp Prism  
  72  5:45  Sentry x2, Protoss Ground Weapons Level 1  
  72  5:47  Probe x2  
  78  5:56  Stalker, Sentry  
  82  5:59  Probe  
  82  6:01  Probe, Pylon  
  84  6:05  Twilight Council  
  84  6:09  Probe  
  84  6:10  Observer  
  84  6:11  Probe  
  86  6:13  Probe  
  88  6:21  Probe  
  88  6:24  Probe  
  90  6:29  Pylon  
  90  6:33  Probe x2, Zealot  
  93  6:41  Stalker  
  93  6:42  Stalker x5  
  93  6:45  Charge  
  105  6:50  Probe x2  
  104  6:56  Zealot  
  98  7:03  Probe  
  98  7:05  Probe x2, Zealot x2  
  98  7:06  Zealot  
  103  7:11  Immortal  
  103  7:15  Probe  
  103  7:17  Probe x2  
  109  7:26  Templar Archives  
  109  7:27  Probe  
  109  7:29  Probe  
  111  7:35  Probe  
  112  7:39  Gateway  
  112  7:40  Pylon  
  112  7:41  Assimilator, Immortal  
  112  7:43  Assimilator, Probe  
  112  7:46  Probe  
  112  7:50  Pylon  
  117  8:00  Psionic Storm  
  117  8:02  Probe x2  
  117  8:03  Zealot  
  117  8:04  Probe  
  122  8:11  Immortal  
  119  8:20  High Templar  
  119  8:21  High Templar  
  127  8:30  High Templar  
  129  8:38  Nexus  
  129  8:40  Pylon  
  127  8:45  High Templar  
  127  8:48  Zealot x2  
  133  8:50  Pylon  
  133  8:51  Observer  
  133  8:53  Pylon  
  133  8:55  Pylon  
  133  8:57  Photon Cannon  
  133  9:00  Immortal  
  133  9:01  Photon Cannon  
  117  9:10  Probe x2  
  117  9:11  Probe  
  122  9:22  Probe x2  
  122  9:23  Probe  
  125  9:34  Probe  
  125  9:35  Probe x2  
Tags
 
Add a new tag
Caveats
  • Supply blocks, unpowered buildings, or Contaminate may cause inaccurate times.
  • Supply counts are checked every 10 seconds.